 Dungeon Crawl Stone Soup version 0.27.1-3-gb3d3a73c9e (webtiles) character file.

Game seed: 1700405784262281029

60 Crownlay the Digger (level 4, -2/27 HPs)
             Began as an Octopode Earth Elementalist on Oct 22, 2021.
             Slain by Crazy Yiuf (4 damage)
             ... on level 2 of the Dungeon.
             The game lasted 00:03:53 (1832 turns).

Crownlay the Digger (Octopode Earth Elementalist)   Turns: 1832, Time: 00:03:53

Health: -2/27      AC:  1    Str:  7    XL:     4   Next: 4%
Magic:  4/9        EV: 13    Int: 18    God:
Gold:   40         SH:  0    Dex: 12    Spells: 8/9 levels left

rFire    . . .     SeeInvis .   e - +0 dagger
rCold    . . .     Faith    .   (no shield)
rNeg     . . .     Spirit   .   (helmet restricted)
rPois    .         Reflect  .   (no amulet)
rElec    .         Harm     .   (no ring)
rCorr    .         Rampage  .   (no ring)
Will     .....                  (no ring)
Stlth    +++.......             (no ring)
HPRegen  0.09/turn              (no ring)
MPRegen  0.11/turn              (no ring)
                                (no ring)
                                (no ring)

@: no status effects
A: almost no armour, amphibious, 8 rings, camouflage 1, gelatinous body 1,
(nimble swimmer 1), tentacles
a: no special abilities


You were on level 2 of the Dungeon.
You visited 1 branch of the dungeon, and saw 2 of its levels.

You collected 40 gold pieces.

Inventory:

Hand Weapons
 e - a +0 dagger (weapon)
Missiles
 b - 15 stones
Scrolls
 a - 3 scrolls of enchant armour {unknown}
 c - a scroll of noise {unknown}
 d - a scroll of teleportation {unknown}
 f - a scroll of summoning {unknown}
 i - a scroll of identify {unknown}
Potions
 g - a potion of heal wounds {unknown}
 h - a potion of resistance {unknown}


   Skills:
 - Level 2.0 Dodging
 - Level 2.9 Stealth
 * Level 3.3 Spellcasting
 - Level 1.0 Transmutations
 + Level 3.6 Earth Magic


You had 8 spell levels left.
You knew the following spells:

 Your Spells              Type           Power      Damage    Failure   Level
a - Sandblast             Erth           32%        2d9       3%          1

Your spell library contained the following spells:

 Spells                   Type           Power      Damage    Failure   Level
 Passwall                 Tmut/Erth      9%         N/A       10%         2
 Stone Arrow              Conj/Erth      18%        3d8       22%         3
 Petrify                  Tmut/Erth      11%        N/A       52%         4


Dungeon Overview and Level Annotations

Branches:
Dungeon (2/15)

Altars:
Sif Muna

Annotations:
D:2 Crazy Yiuf


Innate Abilities, Weirdness & Mutations

You cannot wear most types of armour.
You are amphibious.
You can wear up to eight rings at the same time.
Your skin changes colour to match your surroundings (Stealth+).
Your rubbery body absorbs attacks. (AC +1, EV +1)
((You are camouflaged near water. (Stealth+)))
You have tentacles for arms and can constrict up to eight enemies at once.


Message History

You can't see any susceptible monsters within range! (Use Z to cast anyway.)
The blast of sand hits the jackal.
You kill the jackal!
You can't see any susceptible monsters within range! (Use Z to cast anyway.)
Found a robe.
Found 2 boomerangs.
You see here 2 boomerangs.
Found a stone staircase leading down.
There is a stone staircase leading down here.
There is an open door here.
Found a scroll labelled WOSUGESAGUO.
i - a scroll labelled WOSUGESAGUO
Found a mace.
Found a runed translucent door.
You open the door.
The blast of sand hits Crazy Yiuf.
Crazy Yiuf is lightly wounded.
The blast of sand hits Crazy Yiuf.
Crazy Yiuf is moderately wounded.
Crazy Yiuf hits you with a +4 quarterstaff of chaos!
Crazy Yiuf burns you.
The blast of sand hits Crazy Yiuf.
Crazy Yiuf is heavily wounded.
Crazy Yiuf misses you.
The blast of sand hits Crazy Yiuf!
Crazy Yiuf is almost dead.
Crazy Yiuf laughs, "Gum down verde!"
Crazy Yiuf closely misses you.
The blast of sand hits Crazy Yiuf but does no damage.
Crazy Yiuf is almost dead.
Crazy Yiuf hits you with a +4 quarterstaff of chaos!
Ouch! That really hurt!
* * * LOW HITPOINT WARNING * * *
Crazy Yiuf freezes you.
You die...

#....#.........................
#....#....<..............###.#.
#....#.................#.###.#.
#....#################(#....>#.
#....# #.######## #....# #.#
#....###♣♣ ### #.# #......#.♣♣
♣♣#..)# #.# #####
#.........♣♣♣♣@g...# #.# #....
#..........♣..♣#...# #.####...#
######.#..♣.♣♣♣ ### #.##......
###♣♣♣♣♣ #.##.###.# #.##.# #.#
#.##.# #.. #.##.# ### #....#
######


You could see Crazy Yiuf.

Vanquished Creatures
  2 adders (D:2)
  A worm (D:2)
  2 dart slugs (D:1)
  2 ball pythons (D:1)
  2 bats
  4 endoplasms
  A giant cockroach (D:1)
  2 goblins
  6 hobgoblins
  3 jackals (D:2)
  A quokka (D:2)
  A frilled lizard (D:1)
  2 kobolds (D:1)
  A rat (D:1)
30 creatures vanquished.

Notes
Turn   | Place    | Note
-------+----------+-------------------------------------------
     0 | D:1      | Crownlay the Octopode Earth Elementalist began the quest
                  | for the Orb.
     0 | D:1      | Reached XP level 1. HP: 11/11 MP: 3/3
   238 | D:1      | Reached XP level 2. HP: 6/17 MP: 3/5
  1017 | D:1      | Reached XP level 3. HP: 21/21 MP: 7/7
  1315 | D:2      | Found a shimmering blue altar of Sif Muna.
  1501 | D:2      | Reached XP level 4. HP: 27/27 MP: 8/8
  1823 | D:2      | Found a runed translucent door.
  1824 | D:2      | Noticed Crazy Yiuf
  1832 | D:2      | Slain by Crazy Yiuf

Illustrated notes

Levels and vault maps discovered:
D:1:      minmay_arrival_hallway, layout_rooms, chequers_serial_rivers_micro_d,
          chequers_serial_rivers_micro_a
D:2:      layout_basic, basic_altar, uniq_crazy_yiuf_cottage

Skill      XL: |  1  2  3 |
---------------+----------+-----
Spellcasting   | 3 |  3.3
Dodging        | |  2.0
Stealth        | |  2.9
Transmutations | |  1.0
Earth Magic    | |  3.6

Action                   |  1- 3 |  4- 6 || total
-------------------------+-------+-------++-------
Melee: Unarmed           |     4 |       ||     4
       Tentacles         |     9 |       ||     9
       Constrict         |     8 |       ||     8
       Club              |    12 |       ||    12
       Dagger            |    18 |       ||    18
 Cast: Sandblast         |    16 |     6 ||    22
 Stab: Sleeping          |     8 |       ||     8
Armor: Skin              |     1 |       ||     1
Dodge: Dodged            |    18 |     2 ||    20
